 Dungeon Crawl Stone Soup version 0.22-a0-410-g97be04f (webtiles) character file.

69374 JeffiDaFish the Eclecticist (level 14, -2/61 HPs)
             Began as a Deep Elf Fire Elementalist on May 10, 2018.
             Was a High Priest of Sif Muna.
             Slain by Donald
             ... wielding a +0 broad axe
              (14 damage)
             ... on level 2 of the Orcish Mines on May 11, 2018.
             The game lasted 01:47:13 (29024 turns).

JeffiDaFish the Eclecticist (DEFE)                 Turns: 29024, Time: 01:47:14

Health: -2/61      AC: 18    Str:  5    XL:     14   Next: 90%
Magic:  0/39       EV: 19    Int: 26    God:    Sif Muna [*****.]
Gold:   1911       SH: 14    Dex: 25    Spells: 13/51 levels left

rFire    + . .     SeeInvis .   x - staff of fire
rCold    x . .     Gourm    .   E - +2 buckler {rPois}
rNeg     + . .     Faith    .   a - +2 robe {MR+}
rPois    +         Spirit   .   H - +2 helmet of Resonance {rC- rN+ Dex+5}
rElec    .         Reflect  +   G - +0 cloak {MR+}
rCorr    .         Harm     .   A - +2 pair of gloves {Dex+3}
MR       +++..                  h - +0 pair of boots
Stlth    +++.......             j - +6 amulet of reflection
HPRegen  0.20/turn              r - ring of wizardry
MPRegen  0.26/turn              q - +6 ring of protection

@: very slightly contaminated, studying Throwing, no casting
A: fangs 1, agile 1, frail 1
a: Stop Divine Energy, Channel Magic, Forget Spell, Renounce Religion


You were on level 2 of the Orcish Mines.
You worshipped Sif Muna.
Sif Muna was extremely pleased with you.
You were hungry.

You visited 4 branches of the dungeon, and saw 21 of its levels.
You also visited: Labyrinth.

You collected 1911 gold pieces.

Inventory:

Armour
 a - a +2 robe of magic resistance (worn)
 h - a +0 pair of boots (worn)
 p - a +1 helmet
 s - a +2 robe of positive energy
 A - a +2 pair of gloves of dexterity (worn)
 E - a +2 buckler of poison resistance (worn)
 G - a +0 cloak of magic resistance (worn)
 H - the +2 helmet of Resonance (worn) {rC- rN+ Dex+5}
   (You found it in a labyrinth)

   It affects your dexterity (+5).
   It makes you vulnerable to cold.
   It protects you from negative energy.
Magical Staves
 x - an uncursed staff of fire (weapon)
Jewellery
 j - a +6 amulet of reflection (around neck)
 n - the ring of Pemou {+Inv SInv}
   (You found it on level 5 of the Dungeon)

   [ring of see invisible]

   It lets you see invisible.
   It lets you turn invisible.
 q - a +6 ring of protection (right hand)
 r - a ring of wizardry (left hand)
 y - an uncursed ring of protection from cold
 C - an uncursed ring of protection from magic
Wands
 l - a wand of acid (11)
 o - a wand of clouds (5)
 u - a wand of iceblast (17)
Scrolls
 d - 4 scrolls of amnesia
 e - 5 scrolls of identify
 f - a scroll of fear
 i - 12 scrolls of teleportation
 k - 7 scrolls of remove curse
 B - 4 scrolls of fog
 I - a scroll of blinking
Potions
 g - 11 potions of curing
 t - a potion of brilliance
 D - a potion of agility
 F - a potion of flight
Books
 K - a manual of Throwing
Comestibles
 c - 29 rations


   Skills:
 - Level 7.4 Dodging
 - Level 2.4 Stealth
 - Level 4.0 Shields
 * Level 19.0 Spellcasting
 + Level 12.1 Conjurations
 + Level 5.7 Charms
 - Level 6.0 Summonings
 * Level 16.5 Fire Magic


You had 13 spell levels left.
You knew the following spells:

 Your Spells              Type           Power        Failure   Level  Hunger
a - Flame Tongue          Conj/Fire      #####        0%          1    None
b - Conjure Flame         Conj/Fire      #######.     0%          3    None
c - Sticky Flame          Conj/Fire      #######.     1%          4    None
d - Fireball              Conj/Fire      #######...   1%          5    None
e - Summon Demon          Summ           ######....   1%          5    None
f - Lightning Bolt        Conj/Air       ######....   1%          5    None
g - Ignition              Fire           ########..   6%          8    ######.
h - Ring of Flames        Chrm/Fire      #######...   6%          7    #####..


Dungeon Overview and Level Annotations

Branches:
Dungeon (12/15)            Temple (1/1) D:7            Lair (6/6) D:11
  Swamp (0/4) Lair:4       Spider (0/4) Lair:4        Slime (0/5) Lair:6
    Orc (2/2) D:10
    Elf: Orc:2

Altars:
Cheibriados
Dithmenos
Elyvilon
Fedhas
Gozag
Hepliaklqana
Kikubaaqudgha
Makhleb
Nemelex Xobeh
Qazlal
Ru
Sif Muna
Trog
Uskayaw
Vehumet
Wu Jian
Xom
Yredelemnul
Zin
The Shining One
Jiyva

Shops:
D:6 :   D:10 (   Orc:2 [}*(

Annotations:
Lair:2 2 transporters
Lair:3 exclusion: 2 oklob plants
Lair:5 exclusion: oklob plant
Orc:2 Donald


Innate Abilities, Weirdness & Mutations

You have very sharp teeth.
You are agile. (Dex +2)
You are frail. (-10% HP)


Message History

Blink to where?
Press: ? - help, Dir - move target cursor You are very lightly contaminated with residual magic.
As you read the scroll of blinking, it crumbles to dust.
You are unable to access your magic!
Drop what? 32/52 slots (_ for help) (? for menu, Esc to quit)
Drop what? 32/52 slots (_ for help) (? for menu, Esc to quit)
Huh?
Drop what? 32/52 slots (_ for help) (? for menu, Esc to quit)
You drop 11 chunks of flesh.
You regain access to your magic.
Casting: Ignition (safe; 6% risk of failure)
Confirm with . or Enter, or press ? or * to list all spells.
Aiming: Fireball (safe; 1% risk of failure)
Press: ? - help, Shift-Dir - straight line You feel a surge of power!
The fireball explodes!
The fireball engulfs Donald.
Donald is almost dead.
Sif Muna grants you divine energy.
You briefly lose access to your magic!
Donald hits you with a broad axe!
You die...

........)......).#....#..........
...)..........#.#..........#.....
..).....)......##................
..)..[........#..................
).[)))).)).............#.........
)[[........................#....)
#<[[)[).))...........%......ยง....
)....)....#......................
#.#..)........<.@@...............
####..[..........................
##....)..[....................
##...........................
##..........................
##.........................
#....................
##.##...............
###..........#


You could see Donald.

Vanquished Creatures
  Kirke (Lair:4)
  2 orc warlords (Orc:1)
  A minotaur (Lab)
  4 ogre magi (Orc:2)
  3 hydras
  Erica (Orc:1)
  13 two-headed ogres
  11 death yaks
  A lindwurm (Lair:4)
  3 orc knights
  3 orc sorcerers
  An ugly thing (D:11)
  A cyclops (Orc:1)
  A manticore (D:11)
  5 elephants (Lair:3)
  A black mamba (Lair:6)
  An ice statue (D:11)
  7 spiny frogs
  A torpor snail (Lair:5)
  3 rime drakes
  4 komodo dragons
  A troll (D:11)
  6 polar bears
  4 hornets (Lair:6)
  A tyrant leech (Lair:4)
  10 blink frogs
  8 dream sheep
  10 hippogriffs
  15 spriggans
  Eustachio (D:5)
  43 yaks
  3 wyverns
  5 hogs (Lair:4)
  A fire bat (D:12)
  2 hungry ghosts
  The ghost of Maimakterion the Slasher, an amateur DsGl of Ru (D:4)
  A swamp worm (Lair:4)
  3 wargs (Orc:1)
  5 water moccasins
  9 porcupines
  20 orc warriors
  A sky beast (D:11)
  2 ice beasts (D:10)
  4 phantoms
  7 black bears
  30 ogres
  17 wolves (Lair:6)
  5 boggarts (Lair:6)
  4 centaurs
  10 crocodiles
  4 big kobolds
  16 bullfrogs
  Blork the orc (D:5)
  2 wyvern skeletons
  3 scorpions
  5 killer bees (D:8)
  4 howler monkeys
  8 crimson imps
  A bullfrog zombie (D:9)
  4 centaur zombies
  8 hounds
  6 jellies
  11 orc priests
  24 orc wizards
  3 centaur skeletons
  5 iguanas
  7 worker ants
  5 hell rats
  2 hound skeletons
  A howler monkey zombie (D:10)
  A worker ant zombie (D:5)
  19 adders
  A river rat (D:4)
  5 shadow imps
  2 oozes
  An adder skeleton (D:7)
  2 adder zombies
  2 worms
  3 dart slugs
  7 leopard geckos
  58 orcs
  12 bats
  11 giant cockroaches
  5 goblins
  6 hobgoblins
  2 jackals (D:7)
  4 quokkas
  A ball python (D:4)
  4 frilled lizards
  2 jackal skeletons
  9 kobolds
  5 rats
  A bush (Lair:2)
  4 fungi
  3 plants
587 creatures vanquished.

Vanquished Creatures (collateral kills)
  An elephant (Lair:3)
  2 spiny frogs (Lair:6)
  A blink frog (Lair:6)
  A hippogriff (Lair:6)
  3 water moccasins (Lair:6)
  A wolf (Lair:6)
  A bullfrog (Lair:4)
10 creatures vanquished.

Vanquished Creatures (others)
  The ghost of nebgrebaes the Grappler, a journeyman TrEE of Okawaru (Lair:2)
  8 fungi
  10 plants
19 creatures vanquished.

Grand Total: 616 creatures vanquished

Notes
Turn   | Place    | Note
-------+----------+-------------------------------------------
     0 | D:1      | JeffiDaFish the Deep Elf Fire Elementalist began the quest for the Orb.
     0 | D:1      | Reached XP level 1. HP: 10/10 MP: 6/6
   150 | D:1      | Reached XP level 2. HP: 15/15 MP: 1/8
   921 | D:1      | Reached XP level 3. HP: 19/19 MP: 8/10
  1178 | D:2      | Found a faded altar of an unknown god.
  1200 | D:2      | Reached skill level 4 in Spellcasting
  1200 | D:2      | Reached XP level 4. HP: 24/24 MP: 8/12
  2137 | D:2      | Gained mutation: You are dopey. (Int -2) [potion of mutation]
  2137 | D:2      | Gained mutation: You occasionally shout uncontrollably at your foes. [potion of mutation]
  2137 | D:2      | Gained mutation: You are agile. (Dex +2) [potion of mutation]
  2484 | D:3      | Found a shimmering altar of Xom.
  2484 | D:3      | Found a shimmering altar of Xom.
  2485 | D:3      | Found a shimmering altar of Xom.
  2485 | D:3      | Found a shimmering altar of Xom.
  2489 | D:3      | Found a shimmering altar of Xom.
  2559 | D:3      | Learned a level 3 spell: Conjure Flame
  2564 | D:3      | Learned a level 4 spell: Sticky Flame
  2772 | D:3      | Reached XP level 5. HP: 27/28 MP: 13/13
  3038 | D:4      | Noticed Maimakterion's ghost (amateur DsGl)
  3204 | D:4      | Noticed an ogre
  3215 | D:4      | Killed an ogre
  3215 | D:4      | Reached skill level 5 in Spellcasting
  3215 | D:4      | Reached skill level 5 in Fire Magic
  3215 | D:4      | Reached XP level 6. HP: 32/32 MP: 9/16
  3358 | D:4      | Found an opulent altar of Gozag.
  4247 | D:4      | Killed Maimakterion's ghost
  4247 | D:4      | Reached skill level 6 in Spellcasting
  4247 | D:4      | Reached XP level 7. HP: 22/36 MP: 0/18
  4434 | D:5      | Entered Level 5 of the Dungeon
  4443 | D:4      | Learned a level 5 spell: Fireball
  5780 | D:5      | Reached skill level 7 in Spellcasting
  5888 | D:5      | Reached skill level 5 in Dodging
  5954 | D:5      | Noticed Eustachio
  5969 | D:5      | Killed Eustachio
  5969 | D:5      | Reached XP level 8. HP: 41/41 MP: 11/21
  6068 | D:5      | Noticed Blork the orc
  6074 | D:5      | Killed Blork the orc
  6161 | D:5      | Reached skill level 8 in Spellcasting
  6439 | D:5      | Got a warped silver ring
  6440 | D:5      | Identified the ring of Pemou {+Inv SInv} (You found it on level 5 of the Dungeon)
  6861 | D:5      | Found a burning altar of Makhleb.
  7192 | D:6      | Reached skill level 5 in Conjurations
  7231 | D:6      | Found Rekused's Book Shop.
  7333 | D:6      | Reached skill level 9 in Spellcasting
  7859 | D:6      | Reached XP level 9. HP: 16/45 MP: 24/24
  8577 | D:7      | Found a staircase to the Ecumenical Temple.
  8586 | Temple   | Entered the Ecumenical Temple
  8691 | Temple   | Became a worshipper of Sif Muna the Loreminder
  9226 | D:7      | Reached skill level 10 in Spellcasting
  9549 | D:8      | Reached * piety under Sif Muna
 10268 | D:8      | Reached skill level 11 in Spellcasting
 10315 | D:8      | Reached XP level 10. HP: 34/50 MP: 3/27
 10351 | D:8      | Reached ** piety under Sif Muna
 10593 | D:8      | Found an ornate altar of the Wu Jian Council.
 10729 | D:8      | Reached skill level 1 in Shields
 10845 | D:8      | Found a shadowy altar of Dithmenos.
 10888 | D:8      | Found a stormy altar of Qazlal.
 10896 | D:8      | Found a glowing golden altar of the Shining One.
 11173 | D:9      | Noticed a two-headed ogre
 11178 | D:9      | Killed a two-headed ogre
 11178 | D:9      | Reached skill level 10 in Fire Magic
 11259 | D:9      | Reached skill level 12 in Spellcasting
 11441 | D:9      | Lost mutation: You are dopey. (Int -2) [potion of mutation]
 11441 | D:9      | Lost mutation: You occasionally shout uncontrollably at your foes. [potion of mutation]
 11441 | D:9      | Gained mutation: You are frail. (-10% HP) [potion of mutation]
 11441 | D:9      | Gained mutation: You have very sharp teeth. [potion of mutation]
 11638 | D:9      | Reached *** piety under Sif Muna
 11834 | D:9      | Noticed a three-headed hydra
 11838 | D:9      | Killed a three-headed hydra
 12177 | D:10     | Entered Level 10 of the Dungeon
 12240 | D:10     | Reached XP level 11. HP: 48/48 MP: 20/29
 12302 | D:10     | Noticed an orc knight
 12335 | D:10     | Killed an orc knight
 12399 | D:10     | Found Rahicuclogg's Weapon Shoppe.
 12401 | D:10     | Found a staircase to the Orcish Mines.
 12583 | D:10     | Noticed a two-headed ogre
 12589 | D:10     | Killed a two-headed ogre
 12589 | D:10     | Reached skill level 13 in Spellcasting
 13062 | D:10     | Noticed a two-headed ogre
 13067 | D:10     | Killed a two-headed ogre
 13469 | D:11     | Noticed a death yak
 13572 | D:11     | Noticed a red ugly thing
 13641 | D:11     | Reached **** piety under Sif Muna
 13830 | D:11     | Killed a red ugly thing
 14301 | D:11     | Noticed a death yak
 14304 | D:11     | Noticed a death yak
 14312 | D:11     | Killed a death yak
 14312 | D:11     | Reached skill level 14 in Spellcasting
 14314 | D:11     | Noticed a death yak
 14314 | D:11     | Killed a death yak
 14315 | D:11     | Noticed a death yak
 14435 | D:11     | Noticed a death yak
 14438 | D:10     | Killed a death yak
 14642 | D:10     | Killed a death yak
 14782 | D:11     | Noticed a death yak
 14792 | D:11     | Killed a death yak
 14792 | D:11     | Reached XP level 12. HP: 53/53 MP: 11/32
 14793 | D:11     | Killed a death yak
 14812 | D:11     | Killed a death yak
 14992 | D:11     | Found a staircase to the Lair.
 15059 | D:11     | Identified a scroll of acquirement
 15206 | Lair:1   | Entered Level 1 of the Lair of Beasts
 15746 | Lair:1   | Reached ***** piety under Sif Muna
 15746 | Lair:1   | Reached skill level 15 in Spellcasting
 16204 | Lair:2   | Killed nebgrebaes's ghost
 16532 | Lair:2   | Found a transporter.
 16700 | Lair:2   | Identified Sif Muna's Compendium of Companions (Sif Muna gifted it to you on level 2 of the Lair of Beasts)
 16700 | Lair:2   | Received a gift from Sif Muna
 16712 | Lair:2   | Learned a level 5 spell: Summon Demon
 17015 | Lair:2   | Found a transporter.
 17530 | Lair:3   | Reached skill level 1 in Summonings
 18002 | Lair:3   | Reached skill level 10 in Conjurations
 18274 | Lair:3   | Noticed a six-headed hydra
 18281 | Lair:3   | Killed a six-headed hydra
 18281 | Lair:3   | Reached skill level 16 in Spellcasting
 18641 | Lair:3   | Reached XP level 13. HP: 56/56 MP: 2/35
 19088 | Lair:3   | Learned a level 5 spell: Lightning Bolt
 19908 | Lair:4   | Found a hole to the Spider Nest.
 19973 | Lair:4   | Noticed Kirke
 19988 | Lair:4   | Found a staircase to the Swamp.
 20684 | Lair:5   | Identified Sif Muna's Incunabulum of Excruciating Ignition (Sif Muna gifted it to you on level 5 of the Lair of Beasts)
 20684 | Lair:5   | Received a gift from Sif Muna
 20840 | Lair:4   | Killed Kirke
 21814 | Lair:5   | Reached skill level 17 in Spellcasting
 22240 | Lair:6   | Entered Level 6 of the Lair of Beasts
 22240 | Lair:6   | Found a labyrinth entrance.
 22275 | Lab      | Entered a labyrinth
 22537 | Lab      | Upgraded the game from 0.22-a0-409-gb855193 to 0.22-a0-410-g97be04f
 23057 | Lab      | Noticed a minotaur
 23060 | Lab      | Killed a minotaur
 23065 | Lab      | Identified the Collected Works on Aid and Contamination
 23067 | Lab      | Got a bloodstained helmet
 23075 | Lair:6   | Reached skill level 5 in Summonings
 23080 | Lair:6   | Reached skill level 15 in Fire Magic
 23989 | Lair:6   | Found an ornate altar of the Wu Jian Council.
 24048 | Lair:5   | Identified Sif Muna's Compendium of Lightness and Shape Shifting (Sif Muna gifted it to you on level 5 of the Lair of Beasts)
 24048 | Lair:5   | Received a gift from Sif Muna
 24069 | Lair:5   | Learned a level 8 spell: Ignition
 24425 | Lair:6   | Reached XP level 14. HP: 61/61 MP: 14/37
 24808 | Lair:6   | Learned a level 7 spell: Ring of Flames
 25063 | Lair:6   | Got a coiled steel ring
 25064 | Lair:6   | Identified the ring "Utiemifu" {Ice rElec Str-5 SInv} (You found it on level 6 of the Lair of Beasts)
 25080 | Lair:6   | Identified the +2 helmet of Resonance {rC- rN+ Dex+5} (You found it in a labyrinth)
 25229 | Lair:6   | Found a viscous altar of Jiyva.
 25230 | Lair:6   | Found a staircase to the Slime Pits.
 25249 | Lair:6   | Reached skill level 18 in Spellcasting
 26140 | D:12     | Noticed a fire giant
 26374 | Orc:1    | Entered Level 1 of the Orcish Mines
 26375 | Orc:1    | Reached skill level 1 in Charms
 26377 | Orc:1    | Noticed an orc warlord
 26379 | Orc:1    | Killed an orc warlord
 26386 | Orc:1    | Noticed Erica
 26534 | Orc:1    | Killed Erica
 26743 | Orc:1    | Noticed an orc warlord
 26743 | Orc:1    | Identified Sif Muna's Catalogue of Creative Earth (Sif Muna gifted it to you on level 1 of the Orcish Mines)
 26743 | Orc:1    | Received a gift from Sif Muna
 26759 | Orc:1    | Killed an orc warlord
 27129 | Orc:2    | Entered Level 2 of the Orcish Mines
 28478 | Orc:2    | Reached skill level 5 in Charms
 28986 | Orc:2    | Found Noipnan's Gadget Shoppe.
 28986 | Orc:2    | Found Ugynkor's Antique Armour Shop.
 28987 | Orc:2    | Found Egynaw's Weapon Boutique.
 28987 | Orc:2    | Found Ozxaaqor's Assorted Antiques.
 28999 | Orc:2    | Noticed Donald
 29012 | Orc:2    | Reached skill level 19 in Spellcasting
 29024 | Orc:2    | Slain by Donald

Vault maps used:
D:1:      dpeg_arrival_orchard
D:2:      minmay_wonky_spiral, chequers_ecumenical_altar_island, first_ration,
          minmay_tetromino_s2
D:3:      hangedman_abyss_or_decor_stabs, xom_redecorated
D:4:      gup_sewer_entry_spiral, nicolae_gozag_cash_rules_everything_around_me
D:5:      makhleb_blood_cavern_becter, uniq_blork_the_orc, uniq_eustachio
D:6:      serial_shops, nicolae_shop_competitors_out_of_business
D:7:      minmay_temple_entry_trees
D:8:      nicolae_overflow_quartered_altars
D:9:      hangedman_ranch
D:10:     orc_david_3, serial_bayou_crossing
D:11:     dpeg_lair_monsters, minivault_15
D:12:     minmay_firetagon
Temple:   dpeg_five_rooms_temple
Lair:2:   gammafunk_cloud_chamber, beast_lair_carwin_10,
          infiniplex_staircase_pool
Lair:3:   serial_bayou_pond_e, infiniplex_staircase_pool_2, lemuel_fruit_tree,
          minmay_lair_oklob_chamber
Lair:4:   minmay_swamp_entry_worms, spider_nest_entry_web_field, st_stairs_8,
          uniq_kirke
Lair:5:   serial_bayou_shore_a, grunt_megastairs_4
Lair:6:   minmay_lair_end_enchanted_forest, slime_altar_1, lab_entry_generic,
          basic_altar
Orc:1:    uniq_erica
Orc:2:    st_orc_ogre_mass, uniq_donald
Lab:      labyrinth_watery

Skill      XL: |  1  2  3  4  5  6  7  8  9 10 11 12 13 14 |
---------------+-------------------------------------------+-----
Dodging        | 3 4 5 6 7 |  7.4
Conjurations   | 2 3 4 5 6 7 9 10 11 12 | 12.1
Spellcasting   | 4 5 6 7 9 11 12 14 16 17 19 | 19.0
Fire Magic     | 4 5 6 8 9 11 12 14 15 16 | 16.5
Shields        | 2 4 |  4.0
Summonings     | 3 5 6 |  6.0
Charms         | 5 |  5.7
Stealth        | |  2.4

Action                   |  1- 3 |  4- 6 |  7- 9 | 10-12 | 13-15 || total
-------------------------+-------+-------+-------+-------+-------++-------
Melee: Dagger            |    34 |    58 |   596 |    13 |       ||   701
       Broad axe         |       |       |   178 |    35 |       ||   213
       Staff             |       |       |       |    78 |    72 ||   150
       Bite              |       |       |       |     6 |     8 ||    14
 Cast: Flame Tongue      |    45 |   120 |   129 |    56 |    34 ||   384
       Conjure Flame     |       |     4 |     2 |     1 |       ||     7
       Sticky Flame      |       |     1 |    42 |    52 |    55 ||   150
       Fireball          |       |       |    17 |   158 |   166 ||   341
       Summon Demon      |       |       |       |     1 |     5 ||     6
       Lightning Bolt    |       |       |       |       |    61 ||    61
       Ignition          |       |       |       |       |    16 ||    16
Invok: Divine Energy     |       |       |       |     1 |       ||     1
  Use: Scroll            |     4 |     4 |     8 |     7 |    10 ||    33
       Potion            |     1 |     6 |     3 |     5 |     6 ||    21
 Stab: Sleeping          |       |     6 |     2 |       |       ||     8
  Eat: Chunk             |     1 |     9 |    22 |    28 |    17 ||    77
       Ration            |       |       |     2 |     2 |     6 ||    10
Armor: Robe              |    15 |    13 |   123 |    53 |    48 ||   252
Dodge: Dodged            |    41 |    58 |   411 |   129 |   146 ||   785
Block: Other             |       |    17 |   164 |    25 |       ||   206
       Reflection        |       |       |     1 |       |     6 ||     7
       Buckler           |       |       |       |    49 |   179 ||   228

Table legend:
 A = Spawn XP
 B = Non-spawn XP
 C = Spawn XP percentage of total XP
 D = Spawn monster count
 E = Non-spawn monster count
 F = Spawn count percentage of total count
 G = Total turns spent on level
                    A         B        C        D         E        F      G
               +---------+---------+-------+---------+---------+-------+---------
         Total |       0 |   99107 |   0.0 |       0 |     589 |   0.0 | 29024
               +---------+---------+-------+---------+---------+-------+---------
           D:1 |       0 |      87 |   0.0 |       0 |      22 |   0.0 |  1108
           D:2 |       0 |      69 |   0.0 |       0 |      20 |   0.0 |  1221
           D:3 |       0 |      45 |   0.0 |       0 |      19 |   0.0 |   823
           D:4 |       0 |     604 |   0.0 |       0 |      22 |   0.0 |  1570
           D:5 |       0 |    1213 |   0.0 |       0 |      29 |   0.0 |  2183
           D:6 |       0 |     815 |   0.0 |       0 |      17 |   0.0 |  1450
           D:7 |       0 |     995 |   0.0 |       0 |      24 |   0.0 |  1085
           D:8 |       0 |    2412 |   0.0 |       0 |      47 |   0.0 |  1559
           D:9 |       0 |    4564 |   0.0 |       0 |      20 |   0.0 |  1196
          D:10 |       0 |    5475 |   0.0 |       0 |      32 |   0.0 |  1753
          D:11 |       0 |    7501 |   0.0 |       0 |      23 |   0.0 |  1609
          D:12 |       0 |     278 |   0.0 |       0 |       2 |   0.0 |    61
        Lair:1 |       0 |    2007 |   0.0 |       0 |      10 |   0.0 |   857
        Lair:2 |       0 |    4571 |   0.0 |       0 |      24 |   0.0 |  2116
        Lair:3 |       0 |    8408 |   0.0 |       0 |      28 |   0.0 |  1268
        Lair:4 |       0 |    6299 |   0.0 |       0 |      17 |   0.0 |  1608
        Lair:5 |       0 |    7520 |   0.0 |       0 |      27 |   0.0 |  1910
        Lair:6 |       0 |   17408 |   0.0 |       0 |      87 |   0.0 |  2159
         Orc:1 |       0 |    9030 |   0.0 |       0 |      54 |   0.0 |  1617
         Orc:2 |       0 |   18583 |   0.0 |       0 |      64 |   0.0 |   894
           Lab |       0 |    1223 |   0.0 |       0 |       1 |   0.0 |   798
               +---------+---------+-------+---------+---------+-------+---------
